 Dungeon Crawl Stone Soup version 0.30-a0-4-ga7cffc901d (webtiles) character file.

Game seed: 7720103250308494082

1659 jt the Cutter (level 9, 0/33 (48) HPs)
             Began as a Vine Stalker Hedge Wizard on Aug 21, 2022.
             Was a Believer of Okawaru.
             Slain by a wight
             ... wielding a +2 long sword of freezing
              (2 damage)
             ... on level 6 of the Dungeon.
             The game lasted 00:17:07 (6049 turns).

jt the Cutter (Vine Stalker Hedge Wizard)           Turns: 6049, Time: 00:17:08

HP:   0/33 (48)     AC:  8    Str: 12    XL:     9   Next: 0%
MP:   0/25          EV: 12    Int: 16    God:    Okawaru [**....]
Gold: 439           SH:  0    Dex: 17    Spells: 11/16 levels left

rFire   . . .      SeeInvis +    a - +1 short sword (venom)
rCold   . . .      Faith    .    (no shield)
rNeg    . . .      Spirit   +    b - +0 robe
rPois   .          Reflect  .    u - +0 helmet
rElec   .          Harm     .    (no cloak)
rCorr   .          Rampage  .    w - +2 pair of gloves
Will    +....                    z - +1 pair of boots
Stlth   ++........               (no amulet)
HPRegen 0.91/turn                f - ring of magical power
MPRegen 0.19/turn                m - ring of see invisible

@: very heavily drained
A: fangs 3, regeneration 1, magic shield, antimagic bite, no potion heal 2
a: Renounce Religion, Heroism


You were on level 6 of the Dungeon.
You worshipped Okawaru.
Okawaru was pleased with you.
You visited 1 branch of the dungeon, and saw 6 of its levels.

You collected 439 gold pieces.

Inventory:

Hand Weapons
 a - a +1 short sword of venom (weapon)
 k - a +0 sling
 l - a +0 mace of draining
 o - a +0 hand axe
 q - a +0 short sword
 r - a +0 dagger
 y - a +4 whip
 B - a +0 hand axe of draining
 E - a +0 halberd
 F - a +0 spear
 K - a +0 war axe
 M - a +2 flail of protection
Missiles
 e - 71 stones
 D - 2 boomerangs
 I - 2 throwing nets
Armour
 b - a +0 robe (worn)
 c - a +0 hat
 u - a +0 helmet (worn)
 v - a +0 ring mail of fire resistance
 w - a +2 pair of gloves (worn)
 z - a +1 pair of boots (worn)
Jewellery
 f - a ring of magical power (left hand)
 m - a ring of see invisible (right hand)
 A - a ring of positive energy
 H - a ring of protection from cold
Wands
 h - a wand of roots (2)
 J - a wand of paralysis (4)
Scrolls
 g - 3 scrolls of teleportation
 p - 2 scrolls of amnesia
 C - 3 scrolls of enchant weapon
 L - a scroll of brand weapon {unknown}
 P - a scroll of vulnerability {unknown}
Potions
 d - 3 potions of magic
 i - a potion of curing
 n - 2 potions of haste
 t - 3 potions of flight
 N - a potion of lignification {unknown}
 O - a potion of heal wounds {unknown}


   Skills:
 + Level 6.0 Fighting
 + Level 6.1 Short Blades
 - Level 1.5 Dodging
 - Level 2.4 Stealth
 - Level 4.0 Spellcasting
 - Level 2.0 Conjurations
 + Level 2.7 Hexes
 - Level 1.0 Summonings
 - Level 2.0 Translocations
 + Level 2.4 Ice Magic


You had 11 spell levels left.
You knew the following spells:

 Your Spells              Type           Power      Damage    Failure   Level
a - Magic Dart            Conj           36%        1d4       8%          1
b - Blink                 Tloc           18%        N/A       11%         2
d - Ensorcelled Hibernat  Hex/Ice        22%        N/A       9%          2

Your spell library contained the following spells:

 Spells                   Type           Power      Damage    Failure   Level
 Slow                     Hex            48%        N/A       5%          1
 Conjure Flame            Conj/Fire      6%         6-21      32%         3
 Mephitic Cloud           Conj/Pois/Air  5%         N/A       36%         3
 Spider Form              Tmut/Pois      3%         N/A       45%         3
 Anguish                  Hex/Necr       3%         N/A       67%         4
 Call Imp                 Summ           Unusable   N/A       N/A         2

Dungeon Overview and Level Annotations

Branches:
Dungeon (6/15)
 Temple: D:4-7

Altars:
Okawaru
Sif Muna
Vehumet


Innate Abilities, Weirdness & Mutations

You have razor-sharp teeth.
Your natural rate of healing is unusually fast.
When hurt, damage is shared between your health and your magic reserves.
Your bite disrupts and absorbs the magic of your enemies.
Potions cannot restore your health.


Message History

The wight freezes you.
Casting: Blink (safe; 11% risk of failure)
Confirm with . or Enter, or press ? or * to list all spells.
You are still too unstable to blink.
Aiming: Fastroot
Press: ? - help, Shift-Dir - straight line, f/p - wight
Aim: a wight, wielding a +2 long sword of freezing and wearing a +0 robe (lightly damaged)
The roots erupt in riotous growth!
Roots grab the wight.
The grasping roots constrict the wight.
The wight hits you with a +2 long sword of freezing.
* * * LOW HITPOINT WARNING * * *
You feel drained.
* * * LOW HITPOINT WARNING * * *
The wight freezes you.
You feel stable enough to blink again.
The grasping roots constrict the wight.
The roots release their grip on the wight.
Press: ? - help, v - describe, . - travel, g - get item
Here: a wight, wielding a +2 long sword of freezing and wearing a +0 robe (heavily damaged)
Items here: a +1 flail of draining; a +0 robe.
The floor, spattered with blood.
You have no ailments to cure.
Press: ? - help, v - describe, . - travel, g - get item
Here: a wight, wielding a +2 long sword of freezing and wearing a +0 robe (heavily damaged)
Items here: a +1 flail of draining; a +0 robe.
The floor, spattered with blood.
Okay, then.
Press: ? - help, v - describe, . - travel, g - get item
Here: a wight, wielding a +2 long sword of freezing and wearing a +0 robe (heavily damaged)
Items here: a +1 flail of draining; a +0 robe.
The floor, spattered with blood.
Aiming: Paralyse
Press: ? - help, Shift-Dir - straight line, f/p - wight
Aim: a wight, wielding a +2 long sword of freezing and wearing a +0 robe (heavily damaged, chance to affect: 49%)
The wight resists with some effort.
The wight hits you with a +2 long sword of freezing!
* * * LOW HITPOINT WARNING * * *
You feel drained.
You die...

......#........#
#......####.
#......###
#........#######
#.............>#
#......#.#####.#
#......).....#.#
#......#.###.#.#
########@## #.#
#z)# #[#
##.##.#<#
#....###
###......$
...#### ...#
#..# ...


You could see a wight.

Vanquished Creatures
  Sigmund (D:5)
  Edmund (D:5)
  A sky beast (D:3)
  2 ogres
  A phantom (D:5)
  2 necrophages (D:5)
  A scorpion (D:5)
  3 wights (D:6)
  A howler monkey (D:5)
  2 hounds
  A gnoll bouda (D:4)
  3 orc priests
  2 iguanas
  Ijyb (D:4)
  Terence (D:2)
  4 orc wizards
  Robin (D:2)
  8 gnolls
  7 adders
  2 white imps (D:5)
  2 dart slugs
  25 orcs
  9 ball pythons
  5 endoplasms
  5 giant cockroaches
  4 hobgoblins
  3 jackals (D:4)
  5 quokkas
  3 bats
  3 frilled lizards
  20 goblins
  6 kobolds
  3 rats (D:1)
138 creatures vanquished.

Notes
Turn   | Place    | Note
-------+----------+-------------------------------------------
     0 | D:1      | jt the Vine Stalker Hedge Wizard began the quest for the
                  | Orb.
     0 | D:1      | Reached XP level 1. HP: 9/9 MP: 5/5
   368 | D:1      | Reached XP level 2. HP: 14/14 MP: 7/7
   371 | D:1      | Learned a level 2 spell: Blink
   374 | D:1      | Learned a level 2 spell: Call Imp
   433 | D:1      | Reached skill level 1 in Fighting
   433 | D:1      | Reached skill level 1 in Short Blades
   460 | D:1      | You fall into a shaft and drop 1 floor!
  1049 | D:1      | Reached XP level 3. HP: 14/18 MP: 8/8
  1297 | D:2      | Found an iron altar of Okawaru.
  1305 | D:2      | Became a worshipper of Warmaster Okawaru
  1379 | D:2      | Noticed Robin
  1447 | D:2      | Killed Robin
  1761 | D:2      | Gained mutation: Your natural rate of healing is unusually
                  | fast. [Vine Stalker growth]
  1761 | D:2      | Reached XP level 4. HP: 17/23 MP: 9/9
  1810 | D:2      | Noticed Terence
  1821 | D:2      | Killed Terence
  1850 | D:2      | Learned a level 2 spell: Ensorcelled Hibernation
  2321 | D:3      | Found a shimmering blue altar of Sif Muna.
  2339 | D:2      | Reached XP level 5. HP: 20/27 MP: 10/10
  2680 | D:3      | Found a radiant altar of Vehumet.
  2712 | D:3      | Noticed a sky beast
  3222 | D:3      | Killed a sky beast
  3222 | D:3      | Reached * piety under Okawaru
  3223 | D:3      | Reached XP level 6. HP: 32/32 MP: 11/11
  4063 | D:4      | Reached skill level 1 in Hexes
  4206 | D:4      | Reached XP level 7. HP: 37/37 MP: 12/12
  4760 | D:4      | Noticed Ijyb
  4796 | D:4      | Killed Ijyb
  4932 | D:5      | Entered Level 5 of the Dungeon
  5011 | D:5      | Reached ** piety under Okawaru
  5084 | D:5      | Reached skill level 5 in Short Blades
  5120 | D:5      | Reached skill level 5 in Fighting
  5120 | D:5      | Gained mutation: You have razor-sharp teeth. [Vine Stalker
                  | growth]
  5120 | D:5      | Reached XP level 8. HP: 31/43 MP: 13/13
  5431 | D:5      | Noticed Edmund
  5452 | D:5      | Killed Edmund
  5453 | D:5      | Reached skill level 1 in Ice Magic
  5525 | D:5      | Noticed Sigmund
  5534 | D:5      | Killed Sigmund
  5905 | D:6      | Reached XP level 9. HP: 18/38 MP: 5/16
  6049 | D:6      | Slain by a wight

Illustrated notes

Levels and vault maps discovered:
D:1:      minmay_arrival_semitransparent, layout_basic
D:2:      layout_basic, basic_altar, minmay_worlds_worst_comb, uniq_terence,
          uniq_robin
D:3:      layout_basic, lemuel_crystal_altar, lemuel_round_altar
D:4:      kennysheep_goblin_castle, layout_basic, kennysheep_generic_room_5
D:5:      layout_rooms, sigmund_edmund_badplayer
D:6:      layout_basic, nemelex_dance_club_becter, fedhas_altar_1,
          minmay_temple_entry_fiery, uniq_pikel, uniq_blork_the_orc,
          uniq_eustachio

Skill      XL: |  1  2  3  4  5  6  7  8 |
---------------+-------------------------+-----
Fighting       | 1 2 3 5 6 |  6.0
Short Blades   | 1 2 3 4 5 6 |  6.1
Hexes          | 1 2 |  2.7
Conjurations   | 2 |  2.0
Translocations | 2 |  2.0
Ice Magic      | 2 |  2.4
Spellcasting   | 4 |  4.0
Dodging        | |  1.5
Stealth        | |  2.4
Summonings     | |  1.0

Action                   |  1- 3 |  4- 6 |  7- 9 || total
-------------------------+-------+-------+-------++-------
Melee: Dagger            |    12 |       |       ||    12
       Bite              |     7 |    40 |    61 ||   108
       Short sword       |    42 |   136 |   200 ||   378
       Punch             |     1 |     1 |     2 ||     4
 Cast: Magic Dart        |    38 |    73 |    51 ||   162
       Blink             |       |     3 |     7 ||    10
       Ensorcelled Hiber |       |       |     5 ||     5
Evoke: Wand              |       |       |     5 ||     5
  Use: Scroll            |       |     7 |     4 ||    11
       Potion            |       |       |     2 ||     2
 Stab: Sleeping          |     3 |     3 |     2 ||     8
       Paralysed         |       |       |     1 ||     1
Armor: Robe              |     8 |    28 |    37 ||    73
Dodge: Dodged            |    30 |    70 |    79 ||   179

Table legend: (Time is in decaauts)
 A = Elapsed time spent in this place.
 B = Non-inter-level travel time spent in this place.
 C = Inter-level travel time spent in this place.
 D = Time resting spent in this place.
 E = Time spent auto-exploring this place.
 F = Levels seen in this place.
 G = Mean time per level.
                   A        B        C        D        E       F      G
               +--------+--------+--------+--------+--------+-----+--------+
         Total |   6015 |   5687 |    328 |    633 |   3277 |   6 | 1002.5 |
       Dungeon |   6015 |   5687 |    328 |    633 |   3277 |   6 | 1002.5 |
               +--------+--------+--------+--------+--------+-----+--------+

Top non-repeatable levels by time:
     D:4: 1554 daAuts
     D:2: 1319 daAuts
     D:1: 1193 daAuts
     D:5: 861 daAuts
     D:3: 857 daAuts
     D:6: 229 daAuts
